[Event "Ruy Lopez"]
[Site "Gatineau CAN"]
[Date "2022.11.15"]
[Round "3"]
[White "MacIsaac, Alexandre"]
[Black "Seguin, Hubert"]
[Result "1-0"]
[ECO "B75"]
[WhiteElo "1670"]
[BlackElo "1532"]
[PlyCount "53"]
[EventDate "2022.11.01"]
[EventType "swiss"]
[EventRounds "7"]
[EventCountry "CAN"]
[TimeControl "90+30"]

1. e4 c5 2. Nf3 d6 3. d4 cxd4 4. Nxd4 Nc6 5. Nc3 Nf6 6. Be3 a6 7. f3 g6 8. Bc4
Bg7 9. O-O O-O 10. Na4 Nxd4 11. Bxd4 b5 12. Bd5 Nxd5 13. Bxg7 Kxg7 14. Qxd5 Be6
15. Qd4+ Kg8 16. Nc3 Qd7 17. f4 Rfc8 18. h4 Rc4 19. Qd3 Qa7+ 20. Kh1 Rac8 21.
f5 Rxc3 22. bxc3 Bc4 23. Qf3 Bxf1 24. Rxf1 f6 25. Qg4 Kg7 26. fxg6 hxg6 27.
Qxc8 1-0

[Event "Ruy Lopez"]
[Site "Gatineau CAN"]
[Date "2022.11.22"]
[Round "4"]
[White "Jacques, Olivier"]
[Black "Hamon, Vincent"]
[Result "1-0"]
[ECO "B12"]
[WhiteElo "1282"]
[BlackElo "1451"]
[PlyCount "63"]
[EventDate "2022.11.01"]
[EventType "swiss"]
[EventRounds "7"]
[EventCountry "CAN"]
[TimeControl "90+30"]

1. e4 c6 2. d4 d5 3. e5 c5 4. dxc5 Nc6 5. f4 Nh6 6. Nd2 Bg4 7. Be2 Nd4 8. Bxg4
Nxg4 9. c3 Ne3 10. Qa4+ Nc6 11. Ndf3 Nf5 12. Ne2 e6 13. b4 a6 14. O-O Be7 15.
Nfd4 Nfxd4 16. Nxd4 Qc8 17. Nxc6 bxc6 18. Be3 O-O 19. Qc2 a5 20. a3 Qc7 21. Rf3
Ra6 22. Rh3 g6 23. g4 axb4 24. cxb4 Rfa8 25. Bc1 f6 26. Bb2 fxe5 27. Bxe5 Qd8
28. g5 Bxg5 29. Qg2 Bf6 30. Qb2 Kg7 31. Bxf6+ Qxf6 32. Rxh7+ 1-0

[Event "Ruy Lopez"]
[Site "Gatineau CAN"]
[Date "2022.11.22"]
[Round "4"]
[White "Scrieciu, Cristian"]
[Black "Brault, Jean-Francois"]
[Result "1/2-1/2"]
[ECO "E16"]
[WhiteElo "1081"]
[BlackElo "1451"]
[PlyCount "65"]
[EventDate "2022.11.01"]
[EventType "swiss"]
[EventRounds "7"]
[EventCountry "CAN"]
[TimeControl "90+30"]

1. d4 Nf6 2. c4 e6 3. Nf3 Bb4+ 4. Bd2 Bxd2+ 5. Qxd2 b6 6. g3 Bb7 7. Bg2 d6 8.
O-O Nbd7 9. Nc3 O-O 10. Rfe1 d5 11. Ne5 a6 12. f4 c5 13. e3 Qc7 14. cxd5 Bxd5
15. Nxd5 Nxd5 16. Rac1 Rad8 17. Nxd7 Rxd7 18. Bxd5 Rxd5 19. Qe2 Qb7 20. dxc5
Rxc5 21. Rxc5 bxc5 22. Rc1 Qb6 23. Rc3 Rc8 24. Ra3 c4 25. Rc3 Rc6 26. Kf2 Qb4
27. Qc2 g6 28. Qc1 Rb6 29. b3 cxb3 30. Rxb3 Qd6 31. Rxb6 Qxb6 32. Qc8+ Kg7 33.
Qc3+ 1/2-1/2

[Event "Ruy Lopez"]
[Site "Gatineau CAN"]
[Date "2022.11.22"]
[Round "4"]
[White "Seguin, Hubert"]
[Black "Villeneuve, Denis"]
[Result "1-0"]
[ECO "C41"]
[WhiteElo "1552"]
[BlackElo "1409"]
[PlyCount "86"]
[EventDate "2022.11.01"]
[EventType "swiss"]
[EventRounds "7"]
[EventCountry "CAN"]
[TimeControl "90+30"]

1. e4 d6 2. d4 Nd7 3. Nf3 e5 4. d5 Ndf6 5. Bg5 Be7 6. Nbd2 c6 7. c4 cxd5 8.
Bxf6 Nxf6 9. cxd5 Qa5 10. Bd3 O-O 11. h3 Bd7 12. O-O Rac8 13. Qe2 Nxe4 14. Nxe4
f5 15. Nxd6 Bxd6 16. Nxe5 Bxe5 17. Qxe5 Rce8 18. Qd4 a6 19. a3 Qc7 20. Rfe1 Qd6
21. f4 b5 22. Re5 Re7 23. Rae1 Rfe8 24. Rxe7 Rxe7 25. Rxe7 Qxe7 26. Qe5 Qc5+
27. Kh2 g6 28. h4 Kf7 29. h5 Qf8 30. hxg6+ hxg6 31. Kg1 Qc5+ 32. Kh2 Qf8 33.
Be2 Qh6+ 34. Kg1 g5 35. Bf3 g4 36. d6 Be6 37. Bd5 Bxd5 38. Qxf5+ Ke8 39. Qxd5
g3 40. Qc6+ Kf7 41. Qd7+ Kg8 42. Qe8+ Kg7 43. Qe7+ Kg8 1-0

[Event "Ruy Lopez"]
[Site "Gatineau CAN"]
[Date "2022.11.22"]
[Round "4"]
[White "Simard, Francois"]
[Black "Blais, Robert"]
[Result "1-0"]
[ECO "C41"]
[WhiteElo "1386"]
[BlackElo "1542"]
[PlyCount "107"]
[EventDate "2022.11.01"]
[EventType "swiss"]
[EventRounds "7"]
[EventCountry "CAN"]
[TimeControl "5400+30"]

1. e4 e5 2. Nf3 d6 3. d4 exd4 4. Nxd4 Nf6 5. Nc3 Be7 6. Bc4 a6 7. a4 Bd7 8. O-O
Nc6 9. h3 Ne5 10. Bb3 c5 11. Nf3 O-O 12. Bf4 Qc7 13. Nd5 Nxd5 14. Bxd5 Nxf3+
15. Qxf3 Bf6 16. Rad1 Be5 17. Bxe5 dxe5 18. b3 Kh8 19. Rd2 f5 20. Qd3 Rad8 21.
Rfd1 b5 22. axb5 axb5 23. Qg3 f4 24. Qf3 Rf6 25. Ra1 h6 26. Rdd1 g5 27. Ra8 Kh7
28. Rxd8 Qxd8 29. Qc3 Qc7 30. f3 Kg6 31. Kf2 h5 32. Rh1 Ra6 33. Ra1 b4 34. Qb2
Qb6 35. Rxa6 Qxa6 36. Qxe5 Qf6 37. Qxf6+ Kxf6 38. Ke2 Ke5 39. Kd3 Bb5+ 40. Bc4
Bc6 41. c3 h4 42. cxb4 cxb4 43. Ba6 Bd7 44. Kc4 Be6+ 45. Kxb4 Kd4 46. Kb5 Bxb3
47. Bc8 Bc4+ 48. Kc6 Bf1 49. Kd6 Bxg2 50. e5 Bf1 51. Bd7 Bc4 52. e6 Bxe6 53.
Bxe6 Ke3 54. Bg4 1-0

[Event "Ruy Lopez"]
[Site "Gatineau CAN"]
[Date "2022.11.29"]
[Round "5"]
[White "Desjardins, Michel"]
[Black "Latreille, Etienne"]
[Result "1/2-1/2"]
[ECO "B22"]
[WhiteElo "1859"]
[BlackElo "2094"]
[PlyCount "81"]
[EventDate "2022.11.01"]
[EventType "swiss"]
[EventRounds "7"]
[EventCountry "CAN"]
[TimeControl "90+30"]

1. e4 c5 2. c3 Nf6 3. e5 Nd5 4. d4 cxd4 5. cxd4 Nc6 6. Nf3 d6 7. Bc4 Nb6 8. Bb5
Bd7 9. Nc3 e6 10. O-O Nb4 11. Bxd7+ Qxd7 12. Bg5 N4d5 13. Ne4 h6 14. Bh4 g5 15.
Bg3 f5 16. exf6 Rd8 17. Re1 g4 18. Nh4 Rg8 19. Nf5 Nc8 20. Rc1 Kf7 21. Ne3 Nxe3
22. Rxe3 Nb6 23. Rec3 Nd5 24. R3c2 Rg6 25. Bh4 Rb8 26. Qd2 Kg8 27. a3 h5 28.
Qd3 Nf4 29. Qb3 Bh6 30. Ng3 Nd5 31. Re1 Nf4 32. Ne4 Kh8 33. Bg3 b6 34. Qb4 Nd3
35. Qc3 Nxe1 36. Qxe1 Bf8 37. Qc1 Rd8 38. Rc7 Qa4 39. Rc4 Qa5 40. Rc7 Qd5 41.
Qc2 1/2-1/2

[Event "Ruy Lopez"]
[Site "Gatineau CAN"]
[Date "2022.11.29"]
[Round "5"]
[White "Hamon, Vincent"]
[Black "Roussel-Lewis, Mathieu"]
[Result "0-1"]
[ECO "D00"]
[WhiteElo "1451"]
[BlackElo "1346"]
[PlyCount "55"]
[EventDate "2022.11.01"]
[EventType "swiss"]
[EventRounds "7"]
[EventCountry "CAN"]
[TimeControl "90+30"]

1. d4 d5 2. Nc3 e6 3. Bf4 c5 4. e3 a6 5. Nf3 Nc6 6. Be2 Bd6 7. Bg3 b5 8. Ne5
Nxe5 9. dxe5 Be7 10. O-O Nh6 11. Bf3 Nf5 12. Ne2 Bg5 13. b3 Bxe3 14. c4 Bd4 15.
Nf4 Bxa1 16. Qxa1 Nd4 17. cxd5 Nxf3+ 18. gxf3 exd5 19. e6 O-O 20. Nh5 Qg5 21.
e7 Re8 22. Nf4 Rxe7 23. Ng2 Bh3 24. Kh1 Bxg2+ 25. Kxg2 Rae8 26. Kh1 Qd2 27. Rg1
Re1 28. Qxg7+ 0-1

[Event "Ruy Lopez"]
[Site "Gatineau CAN"]
[Date "2022.11.29"]
[Round "5"]
[White "Legault, Stephane"]
[Black "Jacques, Olivier"]
[Result "0-1"]
[ECO "B01"]
[WhiteElo "1485"]
[BlackElo "1282"]
[PlyCount "90"]
[EventDate "2022.11.01"]
[EventType "swiss"]
[EventRounds "7"]
[EventCountry "CAN"]
[TimeControl "60+30"]

1. e4 d5 2. exd5 Qxd5 3. c4 Qe4+ 4. Qe2 Qxe2+ 5. Bxe2 e5 6. Nc3 c6 7. a3 Bf5 8.
d3 Nf6 9. f3 Bc5 10. g4 Bg6 11. h4 h5 12. g5 Nfd7 13. Bd2 Nf8 14. O-O-O Ne6 15.
Ne4 Bd4 16. Nd6+ Ke7 17. Nxb7 Nd7 18. Na5 Rhc8 19. Nb3 Bb6 20. Bb4+ c5 21. Bd2
a5 22. Be3 a4 23. Nd2 Nd4 24. Bxd4 cxd4 25. Ne4 Nc5 26. Nxc5 Bxc5 27. Nh3 Rab8
28. Rd2 Bb6 29. Nf2 Ba5 30. Rc2 Rb3 31. Ne4 Bxe4 32. fxe4 Rcb8 33. Rf1 Bc3 34.
Bxh5 Bxb2+ 35. Kd2 g6 36. Bg4 Bc3+ 37. Ke2 Rxa3 38. c5 Rb2 39. Rfc1 Raa2 40.
Kd1 a3 41. c6 Kd6 42. Rxc3 dxc3 43. Rxc3 Rg2 44. Rc2 Raxc2 45. Bd7 a2 0-1

[Event "Ruy Lopez"]
[Site "Gatineau CAN"]
[Date "2022.11.29"]
[Round "5"]
[White "Scantland, Patrick"]
[Black "Scrieciu, Cristian"]
[Result "1/2-1/2"]
[ECO "D61"]
[WhiteElo "1720"]
[BlackElo "1081"]
[PlyCount "131"]
[EventDate "2022.11.01"]
[EventType "swiss"]
[EventRounds "7"]
[EventCountry "CAN"]
[TimeControl "90+30"]

1. d4 Nf6 2. c4 e6 3. Nf3 d5 4. Nc3 Be7 5. Bg5 h6 6. Bh4 O-O 7. e3 Nbd7 8. Qc2
c5 9. cxd5 Nxd5 10. Bxe7 Nxe7 11. Bd3 b6 12. O-O Bb7 13. e4 cxd4 14. Nxd4 Rc8
15. Rfd1 Nf6 16. Nf3 Qc7 17. Qe2 Ng6 18. g3 Ne5 19. Nb5 Nxf3+ 20. Qxf3 Qb8 21.
Rac1 Rxc1 22. Rxc1 Rc8 23. Rxc8+ Qxc8 24. Qf4 a6 25. Nd6 Qc7 26. Nxb7 Qxb7 27.
e5 Nd7 28. Qd4 b5 29. Be4 Qc7 30. f4 Qc5 31. Qxc5 Nxc5 32. Bc2 f6 33. exf6 gxf6
34. b4 Nb7 35. Bb3 Kf7 36. f5 Nd8 37. Kf2 Ke7 38. fxe6 Nxe6 39. Ke3 Kd6 40.
Bxe6 Kxe6 41. Ke4 f5+ 42. Kd4 Kd6 43. h3 h5 44. h4 Ke6 45. Kc5 Ke5 46. Kb6 Ke4
47. Kxa6 Kf3 48. Kxb5 Kxg3 49. Kc5 f4 50. b5 f3 51. b6 f2 52. b7 f1=Q 53. b8=Q+
Kxh4 54. Qb4+ Kg3 55. Qc3+ Kg2 56. Qg7+ Kh1 57. Qb7+ Qg2 58. Qf7 h4 59. Kd4 h3
60. Ke3 Kg1 61. Qf5 h2 62. Qb1+ Qf1 63. Qg6+ Kh1 64. Qg3 Qg1+ 65. Qf2 Qxf2+ 66.
Kxf2 1/2-1/2

[Event "Ruy Lopez"]
[Site "Gatineau CAN"]
[Date "2022.11.29"]
[Round "5"]
[White "Villeneuve, Denis"]
[Black "Simard, Francois"]
[Result "0-1"]
[ECO "B22"]
[WhiteElo "1409"]
[BlackElo "1386"]
[PlyCount "132"]
[EventDate "2022.11.01"]
[EventType "swiss"]
[EventRounds "7"]
[EventCountry "CAN"]
[TimeControl "5400+30"]

1. e4 c5 2. Nf3 d6 3. c3 Nc6 4. d4 cxd4 5. cxd4 Nf6 6. Nc3 g6 7. Be2 Bg7 8. h3
O-O 9. O-O Bd7 10. Be3 a6 11. Rc1 Rc8 12. Qd2 Qa5 13. e5 dxe5 14. Nxe5 Nxe5 15.
dxe5 Qxe5 16. f4 Qd6 17. Qxd6 exd6 18. Rcd1 Rfe8 19. Bc1 Rxc3 20. bxc3 Rxe2 21.
Rxd6 Bc6 22. Rd8+ Ne8 23. Rf2 Rxf2 24. Kxf2 Bxc3 25. Be3 Kg7 26. g4 Nf6 27. Rd1
Ne4+ 28. Kg1 b5 29. Bd4+ Bxd4+ 30. Rxd4 f5 31. g5 h6 32. h4 hxg5 33. hxg5 a5
34. a3 Kf7 35. Kf1 Ke6 36. Ke2 Bd5 37. Ke3 Kd6 38. Rd1 b4 39. axb4 axb4 40. Kd4
b3 41. Ra1 b2 42. Rb1 Ng3 43. Rxb2 Nh5 44. Ke3 Kc5 45. Rb1 Kc4 46. Rb6 Bf7 47.
Rb7 Be8 48. Rc7+ Kd5 49. Re7 Ba4 50. Re5+ Kd6 51. Ra5 Be8 52. Ra8 Bf7 53. Rf8
Ke7 54. Rh8 Ke6 55. Ra8 Ke7 56. Ra4 Ke6 57. Rd4 Ke7 58. Kd3 Ke6 59. Kc4 Nxf4
60. Kc5 Ke5 61. Rd7 Ke6 62. Rd6+ Ke5 63. Rd1 Ne6+ 64. Kc6 Nxg5 65. Re1+ Ne4 66.
Kd7 Kf6 0-1

[Event "Ruy Lopez"]
[Site "Gatineau CAN"]
[Date "2022.12.06"]
[Round "6"]
[White "Azar, Sebastien"]
[Black "Raymond, Daniel"]
[Result "1-0"]
[ECO "B33"]
[WhiteElo "2001"]
[BlackElo "1748"]
[PlyCount "173"]
[EventDate "2022.11.01"]
[EventType "swiss"]
[EventRounds "7"]
[EventCountry "CAN"]
[TimeControl "60"]

1. e4 c5 2. Nf3 Nc6 3. d4 cxd4 4. Nxd4 Nf6 5. Nc3 e5 6. Ndb5 d6 7. Nd5 Nxd5 8.
exd5 Nb8 9. a4 Be7 10. Bd2 Nd7 11. Be2 Nf6 12. c4 a6 13. Nc3 Bf5 14. a5 O-O 15.
O-O Rc8 16. Na4 Nd7 17. b4 Bg6 18. Qb3 Kh8 19. Be3 f5 20. Nb6 Nxb6 21. Bxb6 Qe8
22. Rac1 Bg5 23. Rcd1 f4 24. f3 Bf5 25. Bd3 Qg6 26. Rfe1 Bxd3 27. Rxd3 Rfe8 28.
Re4 Be7 29. Rc3 Qf6 30. Qc2 Qf7 31. Qd3 Qf8 32. Qc2 Qf7 33. Qb3 Qf8 34. Qd1 Bd8
35. Bf2 Be7 36. Rd3 Red8 37. Rc3 Re8 38. Qc2 Qf7 39. Re1 Bf6 40. Qe4 Red8 41.
Rec1 Be7 42. R3c2 g6 43. h3 Kg8 44. Bb6 Rd7 45. c5 dxc5 46. Bxc5 Bxc5+ 47. Rxc5
Rxc5 48. Rxc5 Qf6 49. Qc4 Qd6 50. Kh2 Kg7 51. Qc3 Re7 52. Rc4 Kf7 53. Qb3 Kg7
54. Re4 Kf6 55. Qc3 Kf5 56. Qc8+ Qd7 57. Qf8+ Rf7 58. Qc5 Qc7 59. Rc4 Qxc5 60.
bxc5 Rd7 61. d6 Ke6 62. Kg1 Kd5 63. Rc1 Kc6 64. Kf1 Kb5 65. Ke2 Kxa5 66. Rb1
Ka4 67. Kd3 Ka3 68. Kc4 Ka2 69. Rb6 a5 70. Kd5 e4 71. fxe4 Rg7 72. Ke6 g5 73.
d7 Rg8 74. Kf7 Ra8 75. Rxb7 h5 76. c6 g4 77. hxg4 hxg4 78. c7 f3 79. c8=Q Rxc8
80. dxc8=R f2 81. Rc2+ Ka3 82. Rxf2 a4 83. Ra7 Kb4 84. Rxa4+ Kxa4 85. Rb2 g3
86. e5 Ka3 87. Rb7 1-0

[Event "Ruy Lopez"]
[Site "Gatineau CAN"]
[Date "2022.12.06"]
[Round "6"]
[White "Blais, Robert"]
[Black "Brault, Jean-Francois"]
[Result "1/2-1/2"]
[ECO "B34"]
[WhiteElo "1542"]
[BlackElo "1451"]
[PlyCount "80"]
[EventDate "2022.11.01"]
[EventType "swiss"]
[EventRounds "7"]
[EventCountry "CAN"]
[TimeControl "90+30"]

1. e4 c5 2. Nf3 g6 3. d4 cxd4 4. Nxd4 Bg7 5. Be3 Nc6 6. c3 Nf6 7. Nd2 O-O 8.
Be2 d5 9. Nxc6 bxc6 10. e5 Ne8 11. f4 Nc7 12. g4 e6 13. g5 Re8 14. Nb3 Bf8 15.
h4 Ba6 16. h5 Qd7 17. hxg6 fxg6 18. Rh4 Rec8 19. Bg4 Ne8 20. Nc5 Bxc5 21. Bxc5
Ng7 22. Qd2 Nf5 23. Bxf5 exf5 24. O-O-O Qe6 25. Bd6 d4 26. b3 c5 27. Rdh1 Bb7
28. R1h2 h5 29. gxh6 Kh7 30. c4 a5 31. a4 Bf3 32. R4h3 Bg4 33. Rg3 Rc6 34. Qg2
Rac8 35. Qd5 Qd7 36. Rd2 Re8 37. Kc2 Rec8 38. Qh1 Qe6 39. Qd5 Qd7 40. Qh1 Qe6
1/2-1/2

[Event "Ruy Lopez"]
[Site "Gatineau CAN"]
[Date "2022.12.06"]
[Round "6"]
[White "Scrieciu, Cristian"]
[Black "MacIsaac, Alexandre"]
[Result "0-1"]
[ECO "E16"]
[WhiteElo "1081"]
[BlackElo "1670"]
[PlyCount "130"]
[EventDate "2022.11.01"]
[EventType "swiss"]
[EventRounds "7"]
[EventCountry "CAN"]
[TimeControl "90+30"]

1. d4 Nf6 2. c4 e6 3. Nf3 b6 4. g3 Bb7 5. Bg2 d5 6. cxd5 Bxd5 7. Nc3 Bb4 8.
Qa4+ Nc6 9. O-O Bxc3 10. bxc3 O-O 11. c4 Be4 12. d5 Na5 13. dxe6 fxe6 14. Bf4
c6 15. Ne5 Bxg2 16. Kxg2 Nh5 17. Be3 Qc7 18. Nf3 e5 19. Ng5 c5 20. Ne6 Qc6+ 21.
Kg1 Rf6 22. Nxc5 Qc7 23. Ne4 Rc6 24. c5 bxc5 25. Nxc5 Nf6 26. Nd3 Nd5 27. Bd2
Nc4 28. Rfc1 Ndb6 29. Qd1 e4 30. Ne1 Rd8 31. Bf4 Rxd1 32. Bxc7 Rxc1 33. Rxc1
Rxc7 34. Ng2 Rd7 35. Kf1 Rd2 36. Ra1 Na3 37. Ke1 Nbc4 38. Ne3 Nc2+ 39. Nxc2
Rxc2 40. a4 Kf7 41. Kd1 Rd2+ 42. Ke1 Rc2 43. Kd1 Rb2 44. Rc1 Rb4 45. a5 Ke6 46.
e3 Nxa5 47. Rc7 Rb7 48. Rc5 Nb3 49. Rc4 Kd5 50. Ra4 Rc7 51. h3 a5 52. Ke2 Rc2+
53. Ke1 Kc5 54. Rxe4 Kb5 55. Re8 a4 56. Rb8+ Kc4 57. Ra8 Kb4 58. Rb8+ Kc3 59.
Ra8 Ra2 60. e4 Nd4 61. f4 a3 62. e5 Ra1+ 63. Kf2 a2 64. g4 Rh1 65. Rxa2 Rh2+
0-1

[Event "Ruy Lopez"]
[Site "Gatineau CAN"]
[Date "2022.12.06"]
[Round "6"]
[White "Simard, Francois"]
[Black "Masse-Garneau, Anthony"]
[Result "0-1"]
[ECO "B40"]
[WhiteElo "1385"]
[BlackElo "1537"]
[PlyCount "58"]
[EventDate "2022.11.01"]
[EventType "swiss"]
[EventRounds "7"]
[EventCountry "CAN"]
[TimeControl "5400+30"]

1. e4 c5 2. Nf3 e6 3. d4 cxd4 4. Nxd4 Nf6 5. e5 Qa5+ 6. Nc3 Qxe5+ 7. Be2 Nc6 8.
Be3 Bb4 9. Qd3 Nd5 10. a3 Bxc3+ 11. bxc3 Nxe3 12. Qxe3 Qxe3 13. fxe3 Nxd4 14.
cxd4 Rb8 15. O-O Ke7 16. Rf2 b6 17. Raf1 f6 18. g4 Bb7 19. Bf3 Bxf3 20. Rxf3
Rbc8 21. R3f2 d5 22. h4 Rc3 23. g5 f5 24. Re2 Rhc8 25. Rff2 Rxa3 26. Kf1 Rcc3
27. Rf3 Ra1+ 28. Kg2 Rc1 29. Rff2 a5 0-1

[Event "Ruy Lopez"]
[Site "Gatineau CAN"]
[Date "2022.12.13"]
[Round "7"]
[White "Rioux, Jocelyn"]
[Black "Masse-Garneau, Anthony"]
[Result "1/2-1/2"]
[ECO "D02"]
[WhiteElo "1598"]
[BlackElo "1537"]
[PlyCount "110"]
[EventDate "2022.11.01"]
[EventType "swiss"]
[EventRounds "7"]
[EventCountry "CAN"]
[TimeControl "90+30"]

1. d4 Nf6 2. Bf4 d5 3. e3 e6 4. c3 c5 5. Nf3 b6 6. Nbd2 Be7 7. Bd3 O-O 8. Ne5
Bb7 9. h4 Ne4 10. h5 Bh4 11. g3 Bg5 12. Qg4 Bxf4 13. gxf4 f5 14. Qg2 Nxd2 15.
Kxd2 c4 16. Rag1 Qf6 17. Bxc4 Rc8 18. Bb5 Rc7 19. Qg5 Qxg5 20. Rxg5 Nc6 21.
Nxc6 Bxc6 22. Bxc6 Rxc6 23. f3 Rf8 24. e4 fxe4 25. fxe4 Rxf4 26. exd5 exd5 27.
Rxd5 Rf2+ 28. Kc1 Re6 29. Re5 Rxe5 30. dxe5 Re2 31. Rd1 Rxe5 32. Rd8+ Kf7 33.
Rd7+ Re7 34. Rxe7+ Kxe7 35. Kd2 Ke6 36. Kd3 Kd5 37. Ke3 Kc4 38. Ke4 g6 39. h6
b5 40. Ke5 a5 41. Kf6 Kd3 42. Kg7 g5 43. Kxh7 g4 44. Kg6 g3 45. h7 g2 46. h8=Q
g1=Q+ 47. Kf5 Qf2+ 48. Ke6 Qb6+ 49. Kd5 Kc2 50. Qd4 Qb7+ 51. Kc5 Kxb2 52. c4+
Kxa2 53. Qd2+ Kb3 54. Qd3+ Kb2 55. Qd2+ Kb3 1/2-1/2

[Event "Ruy Lopez U1400"]
[Site "Gatineau CAN"]
[Date "2022.11.01"]
[Round "1"]
[White "Albert, Michel"]
[Black "Yang, James"]
[Result "0-1"]
[ECO "D02"]
[WhiteElo "1253"]
[BlackElo "1257"]
[PlyCount "114"]
[EventDate "2022.11.01"]
[EventType "swiss"]
[EventRounds "7"]
[EventCountry "CAN"]
[TimeControl "60+30"]

1. d4 d5 2. Bf4 Nf6 3. Nf3 Bg4 4. e3 e6 5. Be2 Bb4+ 6. c3 Bd6 7. Bg3 Bxg3 8.
hxg3 O-O 9. Nbd2 h6 10. Ne5 Bxe2 11. Qxe2 Qd6 12. c4 b6 13. b3 Nbd7 14. Ng4
Nxg4 15. Qxg4 Qa3 16. cxd5 Qb2 17. Rd1 Nf6 18. Qe2 exd5 19. O-O Qxa2 20. Qb5
Qa5 21. Qe2 c5 22. Ra1 Qb4 23. e4 Rfe8 24. f3 Qxd4+ 25. Kh1 Re5 26. Rf2 Rh5+
27. Kg1 dxe4 28. Ra4 exf3 29. Qxf3 Re8 30. Rxd4 Re1+ 31. Rf1 Rxf1+ 32. Nxf1
cxd4 33. Qa8+ Kh7 34. Qxa7 Ng4 35. Qxb6 Rf5 36. Nd2 d3 37. Qb4 h5 38. Qe4 g6
39. Qxd3 h4 40. Nf3 hxg3 41. Nh4 Rh5 42. Qf3 Rxh4 43. Qxf7+ Kh6 44. Qf4+ g5 45.
Qf8+ Kh5 46. Qf7+ Kh6 47. Qe6+ Kh5 48. b4 Nf2 49. Kf1 Rxb4 50. Ke2 Re4+ 51.
Qxe4 Nxe4 52. Ke3 Nf6 53. Kf3 Kh4 54. Ke3 Ng4+ 55. Kf3 Ne5+ 56. Ke3 Kg4 57. Ke4
Ng6 0-1

[Event "Ruy Lopez U1400"]
[Site "Gatineau CAN"]
[Date "2022.11.01"]
[Round "1"]
[White "Bernard, Pierre-Luc"]
[Black "Vachon, Jean-Clement"]
[Result "0-1"]
[ECO "B01"]
[WhiteElo "1202"]
[BlackElo "1133"]
[PlyCount "64"]
[EventDate "2022.11.01"]
[EventType "swiss"]
[EventRounds "7"]
[EventCountry "CAN"]
[TimeControl "60+30"]

1. e4 d5 2. exd5 Qxd5 3. Nc3 Qa5 4. Nf3 Bf5 5. d4 Nf6 6. Bd3 Bg6 7. Bxg6 hxg6
8. O-O c6 9. Bg5 Qc7 10. h3 e6 11. Ne5 Nbd7 12. Re1 Be7 13. Qf3 Nxe5 14. dxe5
Nd5 15. Bxe7 Qxe7 16. Ne4 O-O 17. b3 Nb6 18. c4 c5 19. Rad1 Nc8 20. Nd6 Nxd6
21. exd6 Qd7 22. Qg4 Rac8 23. h4 Rc6 24. Qf4 Rd8 25. Re3 Rxd6 26. Rde1 Rd1 27.
h5 Rxe1+ 28. Rxe1 gxh5 29. Qf3 Qd2 30. Rd1 Qxd1+ 31. Qxd1 Rxd1+ 32. Kh2 Rd2 0-1

[Event "Ruy Lopez U1400"]
[Site "Gatineau CAN"]
[Date "2022.11.01"]
[Round "1"]
[White "Chenard, Paul"]
[Black "Arcand, Pierre"]
[Result "0-1"]
[ECO "C55"]
[WhiteElo "993"]
[BlackElo "1139"]
[PlyCount "100"]
[EventDate "2022.11.01"]
[EventType "swiss"]
[EventRounds "7"]
[EventCountry "CAN"]
[TimeControl "60+30"]

1. e4 e5 2. Bc4 Nf6 3. Nc3 Nc6 4. Nf3 d6 5. h3 Be7 6. d3 a6 7. O-O b5 8. Bxf7+
Kxf7 9. Ng5+ Ke8 10. f4 Rf8 11. f5 Nd4 12. Nd5 Nxd5 13. Qh5+ Kd7 14. Nf7 Qe8
15. Nxe5+ dxe5 16. Qxh7 Nxc2 17. Rb1 Rf7 18. Qg6 Bb7 19. Kh2 Bf6 20. Qg3 Nf4
21. Rf2 Nd4 22. Bd2 Nfe2 23. Qe3 Qh8 24. Rxe2 Nxe2 25. Qxe2 Qh7 26. Ba5 Rh8 27.
Rc1 c6 28. Qf2 Bd8 29. Bb4 Bc7 30. d4 Qh4 31. Qg3 Qxg3+ 32. Kxg3 exd4+ 33. Kg4
Be5 34. Rc5 Bd6 35. e5 Bxc5 36. e6+ Ke8 37. exf7+ Kxf7 38. Bxc5 d3 39. Be3 Rd8
40. Bg5 d2 41. Bxd2 Rxd2 42. g3 Rxb2 43. Kg5 Rxa2 44. h4 c5 45. g4 Be4 46. h5
c4 47. Kf4 Bb1 48. g5 Rf2+ 49. Ke3 Rxf5 50. g6+ Kf6 0-1

[Event "Ruy Lopez U1400"]
[Site "Gatineau CAN"]
[Date "2022.11.01"]
[Round "1"]
[White "Couture, Vincent"]
[Black "Piche, Danielle"]
[Result "1-0"]
[ECO "C57"]
[WhiteElo "1367"]
[BlackElo "989"]
[PlyCount "37"]
[EventDate "2022.11.01"]
[EventType "swiss"]
[EventRounds "7"]
[EventCountry "CAN"]
[TimeControl "60+30"]

1. e4 e5 2. Nf3 Nc6 3. Bc4 Nf6 4. Ng5 d5 5. exd5 Nxd5 6. Nc3 Nxc3 7. bxc3 f6 8.
Nf7 Qe7 9. Nxh8 Bf5 10. O-O O-O-O 11. d3 g5 12. Nf7 Re8 13. a4 Nd8 14. Nxd8
Rxd8 15. Ba3 Qg7 16. Bxf8 Rxf8 17. Qf3 Qg6 18. Rab1 b6 19. Qa8+ 1-0

[Event "Ruy Lopez U1400"]
[Site "Gatineau CAN"]
[Date "2022.11.01"]
[Round "1"]
[White "Gagne, Learry"]
[Black "Boutin, Michel"]
[Result "1-0"]
[ECO "C40"]
[WhiteElo "1132"]
[BlackElo "1129"]
[PlyCount "39"]
[EventDate "2022.11.01"]
[EventType "swiss"]
[EventRounds "7"]
[EventCountry "CAN"]
[TimeControl "60/30:0"]

1. e4 e5 2. Nf3 Bd6 3. Nc3 Nf6 4. d4 c6 5. Bg5 h6 6. Bh4 Qe7 7. Bg3 Ng8 8. dxe5
Bc7 9. Be2 d6 10. exd6 Bxd6 11. Bxd6 Qe6 12. Bf4 Nd7 13. O-O Ngf6 14. e5 Nxe5
15. Nxe5 Qf5 16. Bg3 O-O 17. Bd3 Rd8 18. Bxf5 Rxd1 19. Raxd1 Bxf5 20. Rd2 1-0

[Event "Ruy Lopez U1400"]
[Site "Gatineau CAN"]
[Date "2022.11.01"]
[Round "1"]
[White "Godbout, Elliott"]
[Black "Arvisais, Eric"]
[Result "1-0"]
[ECO "A41"]
[WhiteElo "1370"]
[BlackElo "1190"]
[PlyCount "89"]
[EventDate "2022.11.01"]
[EventType "swiss"]
[EventRounds "7"]
[EventCountry "CAN"]
[TimeControl "60+30"]

1. d4 g6 2. c4 Bg7 3. Nf3 d6 4. Nc3 e6 5. Bf4 b6 6. e3 Ne7 7. Bd3 Nd7 8. O-O
Bb7 9. Be4 Bxe4 10. Nxe4 O-O 11. Nc3 h6 12. e4 a6 13. Qd2 f5 14. Bxh6 f4 15.
Bxf4 Kh7 16. Ng5+ Kg8 17. Nxe6 Qe8 18. Nxg7 Qf7 19. d5 Qxg7 20. Bh6 Qf7 21.
Bxf8 Qxf8 22. Rfe1 Ne5 23. Qe2 c6 24. g3 Nf3+ 25. Kg2 Nxe1+ 26. Rxe1 Re8 27.
Qg4 Qf7 28. Re3 Rf8 29. Rf3 Qxf3+ 30. Qxf3 Rxf3 31. Kxf3 Kf7 32. Kf4 Kf6 33. h4
cxd5 34. Nxd5+ Nxd5+ 35. exd5 b5 36. cxb5 axb5 37. a3 Kg7 38. Kg5 b4 39. a4 b3
40. a5 Kh7 41. a6 Kg7 42. a7 Kh7 43. a8=Q Kg7 44. Qb7+ Kh8 45. Kxg6 1-0

[Event "Ruy Lopez U1400"]
[Site "Gatineau CAN"]
[Date "2022.11.01"]
[Round "1"]
[White "Gratton, Marcel"]
[Black "Decarufel-Lebeau, Lucas"]
[Result "0-1"]
[ECO "B00"]
[WhiteElo "1102"]
[BlackElo "1389"]
[PlyCount "136"]
[EventDate "2022.11.01"]
[EventType "swiss"]
[EventRounds "7"]
[EventCountry "CAN"]
[TimeControl "60+30"]

1. e4 b6 2. d4 Bb7 3. Nc3 e6 4. Nf3 Nf6 5. Bg5 Bb4 6. a3 Bxc3+ 7. bxc3 Bxe4 8.
Bd3 Bxd3 9. cxd3 h6 10. Bh4 d6 11. c4 Qd7 12. O-O d5 13. Bxf6 gxf6 14. Re1 Nc6
15. c5 Rg8 16. cxb6 cxb6 17. Qa4 e5 18. h3 a5 19. Rab1 Rb8 20. dxe5 fxe5 21.
Nxe5 Nxe5 22. Qxd7+ Kxd7 23. Rxe5 Kd6 24. d4 f6 25. Rh5 Rg6 26. Rb5 Kc7 27.
Rbxd5 Rg5 28. Rdxg5 hxg5 29. Rh7+ Kd6 30. h4 Rg8 31. hxg5 Rxg5 32. Rh8 Kd5 33.
Rd8+ Kc4 34. Rd6 b5 35. Rxf6 Kxd4 36. Rc6 Rc5 37. Rd6+ Kc4 38. Re6 Kb3 39. f4
Kxa3 40. Re5 Kb4 41. Re4+ Kc3 42. Kf2 b4 43. Re3+ Kd4 44. g4 Rc2+ 45. Kf3 Rc3
46. Rxc3 bxc3 47. g5 c2 48. Kg4 c1=Q 49. g6 Ke4 50. f5 Qf4+ 51. Kh5 Qxf5+ 52.
Kh6 Kf4 53. g7 Qf6+ 54. Kh7 Qh4+ 55. Kg6 Qg5+ 56. Kh7 Qe7 57. Kh8 Qh4+ 58. Kg8
a4 59. Kf8 Qh6 60. Kg8 a3 61. Kf8 a2 62. Kf7 Qh7 63. Kf8 Qf5+ 64. Ke8 Qg5 65.
Kf8 a1=Q 66. g8=Q Qa8+ 67. Kf7 Qa7+ 68. Kf8 Qd8# 0-1

[Event "Ruy Lopez U1400"]
[Site "Gatineau CAN"]
[Date "2022.11.01"]
[Round "1"]
[White "Laflamme, Mathieu"]
[Black "Mailhiot, Michel"]
[Result "1-0"]
[ECO "C50"]
[WhiteElo "950"]
[BlackElo "987"]
[PlyCount "45"]
[EventDate "2022.11.01"]
[EventType "swiss"]
[EventRounds "7"]
[EventCountry "CAN"]
[TimeControl "60+30"]

1. e4 e5 2. Nf3 Nc6 3. Bc4 f6 4. Nc3 Bc5 5. d3 a6 6. O-O Nge7 7. a3 d6 8. b4
Bb6 9. Nd5 Bg4 10. Nxb6 cxb6 11. h3 Bh5 12. c3 a5 13. b5 Nb8 14. d4 Nd7 15.
dxe5 fxe5 16. Qxd6 Bxf3 17. Qe6 Rf8 18. gxf3 Nc5 19. Qxe5 Rxf3 20. Qh5+ Ng6 21.
Qxf3 Ne5 22. Qh5+ Kd7 23. Rd1+ 1-0